 Dungeon Crawl Stone Soup version 0.30.1-4-g462c640d31 (webtiles) character file.

Game seed: 16017999648724798982

37 MrPagan1517 the Trooper (level 3, -4/33 HPs)
             Began as a Hill Orc Fighter on Aug 29, 2023.
             Slain by a gnoll
             ... wielding a +0 halberd
              (9 damage)
             ... on level 2 of the Dungeon.
             The game lasted 00:01:21 (629 turns).

MrPagan1517 the Trooper (Hill Orc Fighter)           Turns: 629, Time: 00:01:22

Health: -4/33      AC:  7    Str: 20    XL:     3   Next: 41%
Magic:  3/3        EV:  9    Int:  8    God:
Gold:   62         SH:  4    Dex: 10    Spells: 2/2 levels left

rFire   . . .        a - +0 war axe
rCold   . . .        c - +0 buckler
rNeg    . . .        b - +0 scale mail
rPois   .            (no helmet)
rElec   .            (no cloak)
rCorr   .            (no gloves)
SInv    .            (no boots)
Will    .....        (no amulet) Stlth
                     (no ring)
HPRegen 0.25/turn    (no ring)
MPRegen 0.08/turn

%: no passive effects
@: no status effects
A: no striking features
a: no special abilities


You were on level 2 of the Dungeon.
You visited 1 branch of the dungeon, and saw 2 of its levels.

You collected 62 gold pieces.

Inventory:

Hand Weapons
 a - a +0 war axe (weapon)
Armour
 b - a +0 scale mail (worn)
 c - a +0 buckler (worn)
Potions
 d - a potion of might
 e - a potion of cancellation {unknown}


   Skills:
 + Level 3.9 Fighting
 + Level 3.5 Axes
 + Level 3.7 Armour
 + Level 3.7 Shields


You had 2 spell levels left.
You didn't know any spells.
Your spell library was empty.

Dungeon Overview and Level Annotations

Branches:
Dungeon (2/15)

Altars:


Message History

A gnoll comes into view. It is wielding a +0 whip.
You slash the adder!
You kill the adder!
The gnoll hits you but does no damage. You block the gnoll's attack.
An endoplasm comes into view.
You barely miss the gnoll. You closely miss the gnoll.
The endoplasm quivers.
The gnoll hits you with a +0 spear. You block the gnoll's attack. x2
The gnoll hits you with a +0 halberd!
You hit the gnoll.
The gnoll is moderately wounded.
You hit the gnoll. x2; The gnoll barely misses you.
You block the gnoll's attack. The gnoll barely misses you.
You hit the gnoll.
The gnoll is moderately wounded.
You closely miss the gnoll. You barely miss the gnoll.
The gnoll barely misses you. The gnoll hits you but does no damage.
The gnoll hits you with a +0 whip.
A gnoll comes into view. It is wielding a +0 flail.
The gnoll closely misses you. The gnoll hits you with a +0 whip.
You block the gnoll's attack.
You are too injured to fight recklessly!
You closely miss the gnoll.
The gnoll is moderately wounded.
You hit the gnoll. You completely miss the gnoll.
The gnoll hits you with a +0 halberd.
* * * LOW HITPOINT WARNING * * *
The gnoll barely misses you. The gnoll hits you but does no damage.
You closely miss the gnoll.
The gnoll is moderately wounded.
You hit the gnoll. x2; You block the gnoll's attack. x2
The gnoll closely misses you.
You barely miss the gnoll.
The gnoll is moderately wounded.
You slash the gnoll!
You kill the gnoll!
You barely miss the gnoll. The gnoll hits you with a +0 spear.
* * * LOW HITPOINT WARNING * * *
The gnoll hits you with a +0 halberd!
You die...

.... #.. . #
#.. .. #. #..
..
#.##.###.###
#...Jg......
#.)gg...#
########@#
#.###.....##.#
............$#
####.....##?#
#...†.##.####
#...##.......#
#...##.......#
#...##..[....#
#...#####.####


You could see 3 gnolls and an endoplasm.

Vanquished Creatures
  A gnoll (D:2)
  An adder (D:2)
  A dart slug (D:1)
  5 endoplasms
  2 giant cockroaches (D:1)
  4 hobgoblins
  2 kobolds (D:1)
  A quokka (D:2)
  2 ball pythons (D:1)
  3 bats (D:1)
  3 frilled lizards (D:1)
  A rat (D:2)
26 creatures vanquished.

Notes
Turn   | Place    | Note
-------+----------+-------------------------------------------
     0 | D:1      | MrPagan1517 the Hill Orc Fighter began the quest for the
                  | Orb.
     0 | D:1      | Reached XP level 1. HP: 19/19 MP: 1/1
    96 | D:1      | Reached XP level 2. HP: 27/27 MP: 2/2
   568 | D:2      | Reached XP level 3. HP: 33/33 MP: 3/3
   629 | D:2      | Slain by a gnoll

Illustrated notes

Levels and vault maps discovered:
D:1:      minmay_arrival_glassed_features, layout_basic
D:2:      cheibrodos_greedy_goblins, layout_basic, minmay_tetromino_s2

Skill      XL: |  1  2 |
---------------+-------+-----
Axes           | 3 |  3.5
Fighting       | |  3.9
Armour         | |  3.7
Shields        | |  3.7

Action                     || total
---------------------------++-------
  Melee: War axe           ||    66
 Armour: Scale mail        ||    26
  Dodge: Dodged            ||    41
  Block: Buckler           ||    20
